 Dungeon Sprint DCSS version 0.24.0-1-gfbc8707 (webtiles) character file.

Game seed: 6532726034009024914, levelgen mode: deterministic

0 Fang the Skirmisher (level 1, -3/22 HPs)
             Began as a Gargoyle Berserker on Nov 4, 2019.
             Was a Believer of Trog.
             Slain by Sigmund
             ... wielding a +0 scythe
              (8 damage)
             ... in the Dungeon (Sprint VI: "Thunderdome").
             The game lasted 00:00:46 (142 turns).

Fang the Skirmisher (Gargoyle Berserker)             Turns: 142, Time: 00:00:46

Health: -3/22      AC:  4    Str: 25    XL:     1   Next: 50%
Magic:  1/1        EV: 12    Int:  7    God:    Trog [**....]
Gold:   200        SH:  0    Dex:  9    Spells: 0/0 levels left

rFire    . . .     SeeInvis .   a - +0 hand axe
rCold    . . .     Gourm    .   (no shield)
rNeg     + . .     Faith    .   b - +0 animal skin
rPois    ∞         Spirit   .   (no helmet)
rElec    +         Reflect  .   (no cloak)
rCorr    .         Harm     .   (no gloves)
MR       .....     NoTele   +   (no boots)
Stlth    ..........             (no amulet)
HPRegen  0.07/turn              (no ring)
MPRegen  0.07/turn              (no ring)

@: berserking (expiring), very quick
A: negative energy resistance 1, electricity resistance, unbreathing,
petrification resistance, rot immunity, AC +2
a: Berserk, Trog's Hand, Renounce Religion


You were in the Dungeon.
You worshipped Trog.
Trog was pleased with you.
You were not hungry.

You visited 1 branch You collected 200 gold pieces.

Inventory:

Hand Weapons
 a - a +0 hand axe (weapon)
Armour
 b - a +0 animal skin (worn)
Wands
 k - a wand of acid (5)
 l - a wand of iceblast (5)
Scrolls
 i - 4 scrolls of blinking
 m - 3 scrolls of fog
Potions
 d - a potion of curing
 e - 4 potions of heal wounds
 f - 4 potions of haste
 g - 2 potions of magic
 h - a potion of berserk rage
 j - a potion of resistance
Comestibles
 c - a ration
 n - 7 chunks of flesh


   Skills:
 + Level 3.7 Fighting
 + Level 3.0 Axes
 + Level 2.7 Armour
 + Level 2.0 Dodging


You couldn't memorise any spells.
You didn't know any spells.
Your spell library was empty.

Dungeon Overview and Level Annotations

Branches:
Dungeon (1/1)

Altars:
Cheibriados
Dithmenos
Fedhas
Gozag
Kikubaaqudgha
Makhleb
Okawaru
Qazlal
Ru
Sif Muna
Trog
Uskayaw
Vehumet
Wu Jian
Xom
Yredelemnul
Zin
The Shining One
Beogh
Jiyva
Lugonu

Shops:
D *[%??*?*:[((!!!!

Annotations:
D Sigmund


Innate Abilities, Weirdness & Mutations

You are resistant to torment.
Your stone body is resilient. (AC +2)
You are immune to poison.
You resist negative energy. (rN+)
You are resistant to electric shocks. (rElec)
You can survive without breathing.
You are immune to petrification.
You are immune to rotting.


Message History

The puff of flame misses you.
A red film seems to cover your vision as you go berserk!
You feel yourself moving faster!
You feel mighty!
You feel a lot more hungry. Sigmund barely misses you.
You feel a strong urge to attack something.
You closely miss Sigmund. 50... Sigmund hits you with a +0 scythe!
* * * LOW HITPOINT WARNING * * *
You slash Sigmund!
Sigmund is heavily wounded.
You hit Sigmund.
Sigmund is severely wounded.
Sigmund mumbles some strange words.
Sigmund flickers and vanishes!
Deactivating autopickup; reactivate with Ctrl-A.
You completely miss something. Something hits you but does no damage.
You miss something. You miss something. Something hits you!
You die...

####.8.........8.######
__.......###......_._∩##
.......8.# #.8........∩###
.........###.............##
......###...###.)........⌠#
......# #.<.# #..........⌠#
......###...###..........⌠#
.........###.............##
.......8.# #.8..@.....∩###
___......###....{.___∩##
####.8.........8.######
#⌠...........§#
###.........### #_......._#
#_......._# #_........#
#∩.......∩#


There were no monsters in sight!

Vanquished Creatures
  A hobgoblin (D)
  2 goblins (D)
3 creatures vanquished.

Notes
Turn   | Place    | Note
-------+----------+-------------------------------------------
     0 | D        | Fang the Gargoyle Berserker began the quest for the Orb.
     0 | D        | Reached XP level 1. HP: 14/14 MP: 1/1
     1 | D        | Found an opulent altar of Gozag.
     1 | D        | Found a sacrificial altar of Ru.
     2 | D        | Found a viscous altar of Jiyva.
     3 | D        | Found a snail-covered altar of Cheibriados.
     3 | D        | Found a shadowy altar of Dithmenos.
     4 | D        | Found an iron altar of Okawaru.
     4 | D        | Found a shimmering blue altar of Sif Muna.
     4 | D        | Found Piaseod's Staff Store.
     4 | D        | Found Cuni's Magic Scroll Shop.
     5 | D        | Found a basalt altar of Yredelemnul.
     5 | D        | Found Mouhaapaipn's Must-Have Magic.
     5 | D        | Found Ytir's Magic Scroll Shop.
     5 | D        | Round 1.
    35 | D        | Found a bloodstained altar of Trog.
    35 | D        | Found a roughly hewn altar of Beogh.
    35 | D        | Found Cecoeschao's Delicious Food.
    35 | D        | Found Cofuvioz's Jewellery.
    36 | D        | Found Qadus's Advanced Armour.
    41 | D        | Found Xekes's Identification Station.
    41 | D        | Found a stormy altar of Qazlal.
    41 | D        | Found a hide-covered altar of Uskayaw.
    41 | D        | Found an ornate altar of the Wu Jian Council.
    52 | D        | Found a blossoming altar of Fedhas.
    54 | D        | Found an ancient bone altar of Kikubaaqudgha.
    54 | D        | Found a corrupted altar of Lugonu.
    54 | D        | Found Unynag's Premium Goods.
    54 | D        | Found Bakli's Miscellaneous Merchandise.
    55 | D        | Found Muheog's Basic Armour.
    60 | D        | Found Xelukk's Weapon Rack.
    60 | D        | Found a radiant altar of Vehumet.
    60 | D        | Found a shimmering altar of Xom.
    71 | D        | Found a burning altar of Makhleb.
    73 | D        | Found a glowing golden altar of the Shining One.
    73 | D        | Found a glowing silver altar of Zin.
    73 | D        | Found Tuplel's Do-It-Yourself Clinic.
    73 | D        | Found Irae's Bottled Wisdom.
    74 | D        | Found Etech's Distillery.
    79 | D        | Found Plog's Distillery.
   105 | D        | Reached ** piety under Trog
   131 | D        | Noticed Sigmund
   142 | D        | Slain by Sigmund

Levels and vault maps discovered:
D:        arena_sprint

Skill      XL: |  1 |
---------------+----+-----
Axes           | 3 |  3.0
Dodging        | 2 |  2.0
Fighting       | |  3.7
Armour         | |  2.7

Action                   || total
-------------------------++-------
Melee: Hand axe          ||    13
Invok: Berserk           ||     1
Armor: Animal skin       ||     1
Dodge: Dodged            ||     3
